 Dungeon Crawl Stone Soup version 0.28.0-53-g5a82cb258f (webtiles) character file.

Game seed: 11829959076593261192

7323 Peloso the Spear-Bearer (level 10, -10/90 HPs)
             Began as a Minotaur Fighter on May 21, 2022.
             Was a High Priest of Okawaru.
             Shot with an arrow by a centaur warrior (21 damage)
             ... on level 9 of the Dungeon.
             The game lasted 00:15:50 (8161 turns).

Peloso the Spear-Bearer (Minotaur Fighter)          Turns: 8161, Time: 00:15:51

Health: -10/90     AC: 17    Str: 28    XL:     10   Next: 90%
Magic:  9/9        EV:  8    Int:  2    God:    Okawaru [*****.]
Gold:   526        SH:  5    Dex: 13    Spells: 9/9 levels left

rFire   . . .      SeeInvis .   c - +11 trident of the Yoke {vorpal, rElec rN+ Int-3}
rCold   . . .      Faith    .   d - +0 buckler
rNeg    + . .      Spirit   .   n - +0 plate armour
rPois   .          Reflect  .   (helmet restricted)
rElec   +          Harm     .   J - +1 cloak {Will+}
rCorr   .          Rampage  .   (no gloves)
Will    +....                   (no boots)
Stlth   ..........              s - amulet of regeneration
HPRegen 1.05/turn               u - +6 ring of strength
MPRegen 0.11/turn               (no ring)

@: studying Stealth
A: horns 2, retaliatory headbutt
a: Renounce Religion, Heroism, Finesse, Duel


You were on level 9 of the Dungeon.
You worshipped Okawaru.
Okawaru was extremely pleased with you.
You visited 2 branches of the dungeon, and saw 10 of its levels.
You also visited: Bailey.

You collected 575 gold pieces.
You spent 49 gold pieces at shops.

Inventory:

Hand Weapons
 a - a +2 scimitar of flaming
 b - a +2 dagger of flaming
 c - the +11 trident of the Yoke (weapon) {vorpal, rElec rN+ Int-3}
   (You found it on level 2 of the Dungeon)

   It inflicts extra damage upon your enemies.
   Int:       It affects your intelligence (-3).
   rElec:     It insulates you from electricity.
   rN:        It protects you from negative energy.
Armour
 d - a +0 buckler (worn)
 g - a +0 cloak
 n - a +0 plate armour (worn)
 p - a +0 chain mail
 J - a +1 cloak of willpower (worn)
Jewellery
 s - an amulet of regeneration (around neck)
 t - a ring of fire
 u - a +6 ring of strength (left hand)
Wands
 l - a wand of paralysis (21)
 y - a wand of acid (11)
 A - a wand of flame (26)
 D - a wand of iceblast (2)
Scrolls
 e - 2 scrolls of magic mapping
 f - 4 scrolls of identify
 h - 5 scrolls of fog
 o - 4 scrolls of enchant armour
 r - 3 scrolls of teleportation
 w - 2 scrolls of enchant weapon
 F - a scroll of brand weapon {unknown}
 H - a scroll of blinking
 K - a scroll of holy word {unknown}
Potions
 i - 3 potions of flight
 j - a potion of heal wounds
 k - 6 potions of curing
 m - a potion of experience
 q - a potion of ambrosia
 v - 3 potions of cancellation
 x - 2 potions of invisibility {unknown}
 z - a potion of mutation {unknown}
 B - 2 potions of magic {unknown}
 E - 2 potions of degeneration {unknown}
 G - a potion of haste {unknown}
 I - a potion of might
Miscellaneous
 C - a condenser vane


   Skills:
 + Level 8.7 Fighting
 + Level 3.6 Long Blades
 + Level 12.8 Polearms
 + Level 11.0 Armour
 + Level 3.0 Dodging
 + Level 1.6 Stealth
 + Level 7.0 Shields
 + Level 1.0 Invocations
 + Level 0.5 Evocations


You had 9 spell levels left.
You didn't know any spells.
Your spell library contained the following spells:

 Spells                   Type           Power      Damage    Failure   Level
 Beastly Appendage        Tmut           0%         N/A       99%         1
 Magic Dart               Conj           0%         1d3       99%         1
 Sandblast                Erth           0%         2d4       99%         1
 Sting                    Tmut/Pois      0%         1d3       99%         1
 Ensorcelled Hibernation  Hex/Ice        0%         N/A       100%        2
 Passwall                 Tmut/Erth      0%         N/A       100%        2
 Poisonous Vapours        Pois/Air       0%         N/A       100%        2
 Sublimation of Blood     Necr           0%         N/A       100%        2
 Wereblood                Tmut           0%         N/A       100%        2
 Mephitic Cloud           Conj/Pois/Air  0%         N/A       100%        3
 Spider Form              Tmut/Pois      0%         N/A       100%        3
 Stone Arrow              Conj/Erth      0%         3d7       100%        3
 Swiftness                Air            0%         N/A       100%        3
 Olgreb's Toxic Radiance  Pois           0%         N/A       100%        4
 Petrify                  Tmut/Erth      0%         N/A       100%        4
 Irradiate                Conj/Tmut      0%         3d14      100%        5
 Call Imp                 Summ           Unusable   N/A       N/A         2

Dungeon Overview and Level Annotations

Branches:
Dungeon (9/15)             Temple (1/1) D:4          Bailey (visited)
   Lair: D:8-11         Orc: D:9-12

Altars:
Ashenzari
Dithmenos
Elyvilon
Fedhas
Gozag
Hepliaklqana
Kikubaaqudgha
Makhleb
Nemelex Xobeh
Okawaru
Qazlal
Ru
Sif Muna
Trog
Uskayaw
Vehumet
Wu Jian
Xom
Yredelemnul
Zin
The Shining One

Shops:
D:4 *   D:6 :


Innate Abilities, Weirdness & Mutations

You have a pair of horns on your head.
You reflexively headbutt those who attack you in melee.


Message History

Okawaru accepts your kill.
You see here a yak corpse.
Done exploring.
Done exploring.
Done exploring.
(D) Dungeon (T) Temple
Where to? (Enter - D:7 @ (x,y), ? - help)
What level of the Dungeon? (default 1, ? - help)
Things that are here:
a +2 dagger of chaos; a +2 robe of resistance
There is a stone staircase leading up here.
There is a stone staircase leading down here.
You climb downwards.
There is a stone staircase leading up here.
Sorry, I don't know how to get there.
Found a pair of boots.
Found a stone staircase leading down.
A centaur warrior comes into view.
The centaur warrior shouts!
You hear a shout! x2
The centaur warrior wields a +0 longbow.
The centaur warrior shoots an arrow.
The arrow hits you!
An orc warrior comes into view. It is wielding a +0 halberd.
There are monsters nearby!
Unknown command.
The centaur warrior shoots an arrow.
You block the arrow.
The centaur warrior shoots an arrow.
The arrow hits you!!
The centaur warrior shoots an arrow.
The arrow hits you.
The centaur warrior shoots an arrow.
You block the arrow.
The centaur warrior shoots an arrow.
You block the arrow.
The centaur warrior shoots an arrow.
The arrow hits you.
The centaur warrior shoots an arrow.
The arrow closely misses you.
The centaur warrior shoots an arrow.
The arrow hits you but does no damage.
The centaur warrior shoots an arrow.
The arrow hits you!
The centaur warrior shoots an arrow.
The arrow hits you.
The centaur warrior shoots an arrow.
The arrow hits you!!
The centaur warrior shoots an arrow.
The arrow hits you!
* * * LOW HITPOINT WARNING * * *
The centaur warrior shoots an arrow.
The arrow hits you!
* * * LOW HITPOINT WARNING * * *
The centaur warrior shoots an arrow.
The arrow hits you!!
You die...

##.#
######co##
#.c......#
#.######.#
#.# .# #.# .#
#.# .#
####.######.#
#..@........#
#.#..........
#.#..#......#
#.#..#.......
#.#..######.#
#.#..........
#.#.#######.
#.#.# #.#


You could see a centaur warrior.

Vanquished Creatures
  An orc warlord (Bailey)
  Erica (D:8)
  Pikel (D:5)
  2 orc knights (Bailey)
  Maurice (D:8)
  Psyche (D:8)
  Prince Ribbit (D:6)
  A wraith (D:6)
  3 yaks (D:8)
  Grum (D:8)
  Edmund (D:6)
  9 orc warriors (Bailey)
  2 black bears
  An ice beast (D:6)
  2 necrophages
  A lemure (D:5)
  A centaur (D:6)
  2 wolves (D:8)
  A phantom (D:4)
  A bullfrog (D:8)
  A gnoll sergeant (D:6)
  A scorpion (D:4)
  4 wights (D:8)
  A vampire bat (D:5)
  5 howler monkeys
  A centaur zombie (D:5)
  2 hounds
  2 bullfrog skeletons
  A gnoll shaman (D:4)
  3 iguanas
  2 orc wizards (D:7)
  16 gnolls
  4 adders
  A shadow imp (D:6)
  A white imp (D:5)
  2 dart slugs (D:3)
  3 fire bats (D:5)
  27 orcs
  2 spectral bats (D:5)
  3 bat skeletons (D:5)
  A bat zombie (D:5)
  6 endoplasms
  5 giant cockroaches
  21 goblins
  18 hobgoblins
  4 quokkas (D:1)
  8 ball pythons
  13 bats
  A bat simulacrum (D:5)
  7 frilled lizards
  11 kobolds
  A rat (D:3)
212 creatures vanquished.

Vanquished Creatures (others)
  3 plants (D:1)
3 creatures vanquished.

Grand Total: 215 creatures vanquished

Notes
Turn   | Place    | Note
-------+----------+-------------------------------------------
     0 | D:1      | Peloso the Minotaur Fighter began the quest for the Orb.
     0 | D:1      | Reached XP level 1. HP: 19/19 MP: 0/0
   254 | D:1      | Reached XP level 2. HP: 27/27 MP: 1/1
   805 | D:1      | Found a faded altar of an unknown god.
   810 | D:1      | Reached XP level 3. HP: 33/33 MP: 2/2
  1011 | D:2      | Found a shimmering blue altar of Sif Muna.
  1288 | D:2      | Identified the +11 trident of the Yoke {vorpal, rElec rN+
                  | Int-3}
  1848 | D:3      | Reached skill level 1 in Polearms
  1848 | D:3      | Reached XP level 4. HP: 40/40 MP: 3/3
  2597 | D:4      | Noticed a phantom
  2604 | D:4      | Killed a phantom
  2605 | D:4      | Reached skill level 2 in Polearms
  2605 | D:4      | Reached skill level 5 in Armour
  2605 | D:4      | Reached XP level 5. HP: 47/47 MP: 4/4
  2611 | D:4      | Found a staircase to the Ecumenical Temple.
  2620 | Temple   | Entered the Ecumenical Temple
  2800 | Temple   | Became a worshipper of Warmaster Okawaru
  2882 | D:4      | Reached skill level 1 in Dodging
  2908 | D:4      | Reached XP level 6. HP: 46/53 MP: 5/5
  3116 | D:4      | Reached skill level 3 in Polearms
  3403 | D:4      | Found Venwisadaph's General Store.
  3458 | D:4      | Bought a scroll of magic mapping for 49 gold pieces
  3625 | D:4      | Reached skill level 4 in Polearms
  3876 | D:5      | Entered Level 5 of the Dungeon
  4105 | D:5      | Reached XP level 7. HP: 60/60 MP: 6/6
  4241 | D:5      | Noticed Pikel
  4265 | D:5      | Killed Pikel
  4265 | D:5      | Reached * piety under Okawaru
  4265 | D:5      | Reached ** piety under Okawaru
  4266 | D:5      | Reached skill level 5 in Fighting
  4266 | D:5      | Reached skill level 6 in Polearms
  4430 | D:5      | Reached XP level 8. HP: 68/69 MP: 7/7
  4816 | D:6      | Found Keash's Self-Improvement Boutique.
  4823 | D:6      | Reached skill level 7 in Polearms
  4823 | D:6      | Reached skill level 1 in Stealth
  4862 | D:6      | Noticed Edmund
  4876 | D:6      | Killed Edmund
  5086 | D:6      | Reached skill level 5 in Shields
  5317 | D:6      | Reached skill level 8 in Polearms
  5591 | D:6      | Noticed Prince Ribbit
  5595 | D:6      | Killed Prince Ribbit
  5595 | D:6      | Reached *** piety under Okawaru
  5627 | D:6      | Found a shadowy altar of Dithmenos.
  5634 | D:6      | Reached skill level 9 in Polearms
  5634 | D:6      | Reached XP level 9. HP: 77/77 MP: 8/8
  6165 | D:7      | Found a flagged portal.
  6176 | Bailey   | Entered a bailey
  6258 | Bailey   | Noticed an orc knight
  6275 | Bailey   | Killed an orc knight
  6432 | Bailey   | Reached skill level 10 in Polearms
  6434 | Bailey   | Reached **** piety under Okawaru
  6514 | Bailey   | Noticed an orc knight
  6534 | Bailey   | Killed an orc knight
  6641 | Bailey   | Noticed an orc warlord
  6652 | Bailey   | Reached skill level 11 in Polearms
  6667 | Bailey   | Killed an orc warlord
  6668 | Bailey   | Reached skill level 10 in Armour
  6668 | Bailey   | Reached XP level 10. HP: 33/88 MP: 7/9
  6671 | Bailey   | Reached ***** piety under Okawaru
  7353 | D:8      | Noticed Grum
  7360 | D:8      | Killed Grum
  7572 | D:8      | Noticed Psyche
  7638 | D:8      | Killed Psyche
  7639 | D:8      | Reached skill level 12 in Polearms
  7666 | D:8      | Noticed Maurice
  7675 | D:8      | Killed Maurice
  7676 | D:8      | Reached skill level 1 in Invocations
  7720 | D:8      | Noticed Erica
  7730 | D:8      | Killed Erica
  7773 | D:8      | Received a gift from Okawaru
  8141 | D:9      | Noticed a centaur warrior
  8161 | D:9      | Shot with an arrow by a centaur warrior

Illustrated notes

Levels and vault maps discovered:
D:1:      dpeg_arrival_simpleton_b, layout_basic,
          hellmonk_ecumenical_altar_prayer_group, serial_bayou_ford_a,
          chequers_mini_garden
D:2:      layout_basic, basic_altar
D:3:      layout_basic
D:4:      layout_loops_ring, minmay_temple_entry_waves, serial_shops,
          shop_statue
D:5:      layout_cave_pods, goddamned_bats, uniq_pikel
D:6:      layout_basic, nicolae_dithmenos_shadow_blocks, nicolae_shop_self_help,
          uniq_prince_ribbit1, uniq_edmund
D:7:      layout_basic, enter_bailey_4
D:8:      layout_loops_ring, uniq_grum, uniq_erica, uniq_maurice, uniq_psyche
D:9:      nzn_winding_woodlands_cross [nzn_winding_woodlands_5x15_parted,
          nzn_winding_woodlands_5x15_jagged, nzn_winding_woodlands_5x15_eye,
          nzn_winding_woodlands_5x15_sidewinder,
          nzn_winding_woodlands_15x15_thick_spiral], layout_basic, david_orc_4
Temple:   mainiacjoe_temple_starburst

Skill      XL: |  1  2  3  4  5  6  7  8  9 10 |
---------------+-------------------------------+-----
Armour         | 4 5 6 7 8 10 11 | 11.0
Shields        | 4 5 6 7 |  7.0
Fighting       | 4 5 6 7 8 |  8.7
Long Blades    | 3 |  3.6
Polearms       | 1 2 4 6 9 11 12 | 12.8
Dodging        | 1 2 3 |  3.0
Stealth        | 1 |  1.6
Invocations    | 1 |  1.0
Evocations     | |  0.5

Action                   |  1- 3 |  4- 6 |  7- 9 | 10-12 || total
-------------------------+-------+-------+-------+-------++-------
Melee: Long sword        |    61 |       |       |       ||    61
       Headbutt          |     4 |    11 |    31 |    13 ||    59
       Trident           |    18 |    86 |   209 |    58 ||   371
Invok: Heroism           |       |       |     3 |     1 ||     4
Evoke: Wand              |       |       |       |     5 ||     5
  Use: Potion            |     1 |       |     3 |     1 ||     5
       Scroll            |       |       |    14 |       ||    14
Armor: Scale mail        |    40 |       |       |       ||    40
       Chain mail        |       |    54 |    96 |       ||   150
       Plate armour      |       |       |    26 |    11 ||    37
Dodge: Dodged            |    42 |    31 |    70 |    15 ||   158
Block: Buckler           |    15 |    10 |    55 |    13 ||    93
